 Dungeon Crawl Stone Soup version 0.22.1-2-g9c5b331 (webtiles) character file.

137 WarriorsX the Magician (level 5, -7/38 HPs)
             Began as a Draconian Ice Elementalist on Dec 28, 2018.
             Killed by divine providence
             ... invoked by an orc priest
              (12 damage)
             ... on level 3 of the Dungeon.
             The game lasted 00:05:48 (2160 turns).

WarriorsX the Magician (Draconian Ice Elementalist) Turns: 2160, Time: 00:05:48

Health: -7/38      AC:  6    Str: 10    XL:     5   Next: 0%
Magic:  1/11       EV: 12    Int: 17    God:
Gold:   156        SH:  0    Dex: 11    Spells: 11/12 levels left

rFire    . . .     SeeInvis .   d - +0 short sword
rCold    . . .     Gourm    .   (no shield)
rNeg     . . .     Faith    .   (armour unavailable)
rPois    .         Spirit   .   (helmet restricted)
rElec    .         Reflect  .   (no cloak)
rCorr    .         Harm     .   (no gloves)
MR       .....                  h - +0 pair of boots
Stlth    ++........             (no amulet)
HPRegen  0.12/turn              (no ring)
MPRegen  0.12/turn              (no ring)

@: no status effects
A: unfitting armour, cold-blooded, AC +5
a: no special abilities


You were on level 3 of the Dungeon.
You were not hungry.

You visited 1 branch of the dungeon, and saw 3 of its levels.

You collected 156 gold pieces.

Inventory:

Hand Weapons
 d - a +0 short sword (weapon)
Armour
 h - a +0 pair of boots (worn)
Scrolls
 a - a scroll of teleportation {unknown}
 c - 2 scrolls of fear {unknown}
 f - a scroll of enchant weapon {unknown}
 g - a scroll of noise {unknown}
 i - a scroll of remove curse {unknown}
 k - a scroll of blinking {unknown}
 o - 2 scrolls of identify {unknown}
Potions
 e - a potion of cancellation {unknown}
 j - a potion of magic {unknown}
 l - 2 potions of curing {unknown}
 m - a potion of brilliance {unknown}
 n - a potion of ambrosia {unknown}
 q - a potion of mutation {unknown}
Comestibles
 b - 9 rations
 p - 2 chunks of flesh


   Skills:
 - Level 1.0 Short Blades
 - Level 1.7 Dodging
 - Level 3.0 Stealth
 + Level 4.1 Spellcasting
   Level 1.0 Conjurations
 - Level 3.0 Ice Magic


You had 11 spell levels left.
You knew the following spells:

 Your Spells              Type           Power        Failure   Level  Hunger
a - Freeze                Ice            ##..         4%          1    None

Your spell library contained the following spells:

 Spells                   Type           Power        Failure   Level  Hunger
 Throw Frost              Conj/Ice       ##....       11%         2    ##.....
 Ozocubu's Armour         Chrm/Ice       #.......     26%         3    ###....
 Throw Icicle             Conj/Ice       ##......     56%         4    ####...
 Summon Ice Beast         Ice/Summ       #.......     63%         4    ####...


Dungeon Overview and Level Annotations

Branches:
Dungeon (3/15)

Altars:
Kikubaaqudgha


Innate Abilities, Weirdness & Mutations

Your plain brown scales are hard. (AC +5)
You cannot fit into any form of body armour.
You are cold-blooded and may be slowed by cold attacks.


Message History

You hit the orc priest.
The orc priest is severely wounded.
The orc priest closely misses you.
You hit the orc priest.
The orc priest is severely wounded.
The orc priest hits you with a falchion.
* * * LOW HITPOINT WARNING * * *
You hit the orc priest.
The orc priest is severely wounded.
The orc priest closely misses you.
You hit the orc priest.
You tail-slap the orc priest, but do no damage.
The orc priest is almost dead.
The orc priest hits you with a falchion.
* * * LOW HITPOINT WARNING * * *
You barely miss the orc priest.
The orc priest is almost dead.
The orc priest calls down the wrath of Beogh upon you.
Beogh smites you!
You die...

##.# # #.# ##.# #. #)#
#..# ##.# #.# ##o# #..#
##.# #.###o## #..# ##.#
#...## #..#
##.#########.## #..#
#............# #..#
###########..#####..#
#...o@....# #.#######.#
#.# #.# ############.###
#.# ...............# #.#
#######....#...### #.#####
#######....#.....###.....#
.........#####....######.#
#######....#......# #.#


You could see an orc priest.

Vanquished Creatures
  An orc wizard (D:3)
  Natasha (D:3)
  2 adders
  An ooze (D:3)
  A worm (D:3)
  4 leopard geckos
  3 orcs (D:3)
  A ball python (D:2)
  2 giant cockroaches (D:3)
  6 goblins
  7 hobgoblins
  2 jackals (D:2)
  7 kobolds
  5 bats
  3 frilled lizards
  5 rats
51 creatures vanquished.

Notes
Turn   | Place    | Note
-------+----------+-------------------------------------------
     0 | D:1      | WarriorsX the Draconian Ice Elementalist began the quest
                  | for the Orb.
     0 | D:1      | Reached XP level 1. HP: 14/14 MP: 3/3
   385 | D:1      | Reached XP level 2. HP: 20/20 MP: 5/5
   903 | D:2      | Reached XP level 3. HP: 25/26 MP: 6/6
  1041 | D:2      | Reached skill level 1 in Short Blades
  1642 | D:3      | Noticed Natasha
  1651 | D:3      | Killed Natasha
  1651 | D:3      | Reached skill level 3 in Spellcasting
  1651 | D:3      | Reached XP level 4. HP: 33/33 MP: 3/9
  1894 | D:3      | Found an ancient bone altar of Kikubaaqudgha.
  2136 | D:3      | Reached skill level 4 in Spellcasting
  2151 | D:3      | Reached XP level 5. HP: 18/38 MP: 2/11
  2160 | D:3      | Killed from afar by an orc priest

Skill      XL: |  1  2  3  4 |
---------------+-------------+-----
Stealth        | 2 3 |  3.0
Short Blades   | 1 |  1.0
Spellcasting   | 3 4 |  4.1
Dodging        | |  1.7
Conjurations   | |  1.0
Ice Magic      | |  3.0

Action                   |  1- 3 |  4- 6 || total
-------------------------+-------+-------++-------
Melee: Unarmed           |    15 |       ||    15
       Short sword       |    95 |    24 ||   119
       Tailslap          |     9 |     2 ||    11
 Cast: Freeze            |    21 |    23 ||    44
 Stab: Sleeping          |    10 |     1 ||    11
  Eat: Chunk             |     2 |     2 ||     4
Armor: Skin              |    50 |    12 ||    62
Dodge: Dodged            |   100 |    24 ||   124
